Map: Honorgrounds LE

Players

ApeX

  • Race: Zerg Zerg
  • League: Master
  • Spawn Location: 7:00

Railgan - Winner!

  • Race: Zerg Zerg
  • League: Grandmaster
  • Spawn Location: 1:00

VOD

Have the link to the VOD?

Description

Time

  • Played on: March 10, 2017, 8:14 a.m.
  • Length: 8:09
Show
View Real Time Build Order
Export as new Build Order

ApeX Zerg 

Build Orders: Hatch First 

Get SALT Encoding   

  12  0:00  Drone  
  13  0:13  Overlord  
  13  0:18  Drone  
  14  0:31  Drone x2  
  14  0:34  Drone  
  17  0:53  Hatchery  
  17  0:56  Drone  
  17  0:59  Drone  
  18  1:09  Extractor  
  17  1:16  Spawning Pool  
  16  1:19  Drone  
  16  1:22  Drone  
  18  1:28  Drone  
  19  1:40  Overlord  
  19  2:02  Zergling x2  
  19  2:04  Queen x2  
  19  2:05  Drone x2  
  26  2:10  Metabolic Boost  
  26  2:17  Drone x2  
  26  2:22  Drone  
  29  2:27  Drone  
  30  2:30  Baneling Nest  
  30  2:32  Drone  
  30  2:36  Drone  
  31  2:47  Drone  
  32  2:56  Hatchery  
  31  2:58  Overlord  
  31  3:12  Drone x4  
  34  3:21  Zergling x10  
  34  3:26  Overlord  
  39  3:32  Spine Crawler, Zergling x2  
  39  3:45  Drone x4  
  39  3:48  Drone x4  
  47  3:58  Extractor  
  47  3:59  Drone x4  
  47  4:00  Evolution Chamber  
  49  4:07  Queen  
  51  4:12  Drone x3  
  53  4:26  Drone x2  
  53  4:27  Extractor, Roach Warren  
  53  4:31  Zerg Missile Weapons Level 1  
  53  4:39  Roach Warren  
  52  4:53  Baneling x2  
  52  4:56  Overlord  
  52  5:03  Overlord  
  52  5:04  Overlord  
  58  5:07  Roach x3  
  58  5:12  Lair  
  58  5:13  Overlord x2  
  57  5:14  Roach  
  57  5:15  Roach x3  
  65  5:34  Roach x9  
  83  5:43  Drone x4  
  83  5:44  Drone x2  
  89  5:58  Overlord x3  
  89  6:11  Overseer  
  89  6:19  Extractor, Drone x3  
  89  6:20  Hydralisk Den, Drone x4  
  93  6:33  Roach  
  93  6:37  Drone x10  
  103  6:40  Ravager x7  
  103  6:45  Overlord x4  
  103  6:46  Overlord  
  110  6:51  Ravager  
  110  6:59  Roach x2  
  112  7:13  Roach x6  
  101  7:40  Overseer  
  101  7:43  Roach  
  101  7:45  Overlord x4  
  101  7:46  Overlord  
  101  7:49  Extractor  
  101  7:51  Extractor  
Show
View Real Time Build Order
Export as new Build Order

Railgan Zerg - Winner!

Build Orders: Hatch First 

Get SALT Encoding   

  12  0:01  Drone  
  13  0:12  Overlord  
  13  0:18  Drone  
  14  0:30  Drone  
  14  0:31  Drone  
  14  0:35  Drone  
  17  0:45  Drone  
  18  0:57  Hatchery  
  18  1:01  Extractor  
  18  1:02  Drone  
  17  1:17  Spawning Pool  
  16  1:19  Drone  
  16  1:22  Drone  
  18  1:28  Drone  
  19  1:39  Overlord  
  19  2:03  Zergling x4  
  19  2:04  Queen  
  23  2:08  Baneling Nest  
  23  2:10  Queen  
  23  2:11  Drone  
  23  2:13  Drone  
  26  2:22  Drone  
  27  2:30  Drone  
  28  2:38  Drone x2  
  28  2:39  Metabolic Boost  
  28  2:43  Queen  
  32  2:50  Overlord  
  32  2:54  Drone  
  32  2:55  Drone  
  34  3:00  Drone  
  34  3:03  Drone  
  36  3:10  Drone  
  36  3:12  Drone x2  
  39  3:13  Drone  
  39  3:14  Drone  
  39  3:17  Drone  
  41  3:24  Lair  
  41  3:31  Drone x2  
  43  3:35  Overlord  
  43  3:39  Extractor x2, Queen  
  43  3:47  Overlord  
  43  3:49  Drone  
  43  3:54  Baneling  
  43  3:55  Zergling x8  
  46  3:58  Drone, Zergling x2  
  46  3:59  Drone  
  46  4:02  Drone  
  51  4:07  Drone  
  52  4:19  Drone x5  
  52  4:20  Drone  
  52  4:24  Hydralisk Den  
  57  4:27  Drone  
  57  4:28  Zergling x2  
  59  4:33  Drone  
  59  4:34  Overlord  
  60  4:38  Extractor  
  60  4:39  Overlord  
  59  4:52  Queen x2  
  63  4:55  Lurker Den  
  63  5:05  Baneling x2  
  63  5:07  Zergling x10  
  64  5:08  Nydus Network  
  64  5:13  Drone  
  68  5:19  Overlord  
  68  5:22  Overlord  
  68  5:23  Hatchery  
  67  5:30  Hydralisk x2  
  71  5:46  Overlord  
  71  5:47  Hydralisk  
  73  5:51  Zergling x4  
  75  5:59  Zergling x4  
  77  6:05  Hydralisk x2  
  77  6:06  Zergling x2  
  77  6:07  Zergling x6  
  84  6:21  Lurker x3  
  87  6:30  Hydralisk x5, Muscular Augments  
  87  6:31  Hydralisk  
  99  6:39  Nydus Canal  
  99  6:40  Zergling x6  
  102  6:48  Zergling x8  
  102  6:49  Overlord  
  106  7:01  Overlord x2  
  102  7:13  Zergling x8  
  100  7:34  Drone  
  99  7:37  Zergling x10  
  99  7:40  Drone x3  
  106  7:46  Drone  
  106  7:48  Drone  
  106  7:51  Drone  
  105  7:53  Evolution Chamber x2  
Tags
 
Add a new tag
Caveats
  • Supply blocks, unpowered buildings, or Contaminate may cause inaccurate times.
  • Supply counts are checked every 10 seconds.